Map: Orbital Depot

Players

PROTOSSLORD

  • Race: Zerg Zerg
  • Spawn Location: 3:00

pastdarkk

  • Race: Protoss Protoss
  • Spawn Location: 3:00

SilverFox

  • Race: Protoss Protoss
  • Spawn Location: 1:00

Bartoss - Winner!

  • Race: Zerg Zerg
  • League: Silver
  • Spawn Location: 9:00

Metasapien - Winner!

  • Race: Zerg Zerg
  • Spawn Location: 7:00

Tormenta - Winner!

  • Race: Protoss Protoss
  • Spawn Location: 9:00

VOD

Have the link to the VOD?

Description

Time

  • Played on: Aug. 20, 2017, 5:44 p.m.
  • Length: 21:37
Show
View Real Time Build Order
Export as new Build Order

PROTOSSLORD Zerg 

Build Orders: Pool First 

Get SALT Encoding   

  12  0:01  Drone  
  13  0:10  Drone  
  14  0:27  Spawning Pool  
  13  0:30  Drone  
  14  0:48  Extractor  
  14  0:49  Overlord x2  
  13  0:56  Extractor  
  12  1:00  Drone  
  12  1:03  Drone  
  14  1:19  Drone  
  15  1:32  Drone  
  16  1:35  Drone  
  17  1:43  Lair  
  17  1:53  Drone  
  18  2:07  Drone  
  19  2:11  Drone  
  19  2:13  Hatchery  
  19  2:24  Evolution Chamber  
  19  2:28  Evolution Chamber, Drone  
  18  2:44  Overseer, Hydralisk Den  
  18  2:48  Drone x2  
  19  3:01  Drone x2  
  21  3:10  Drone  
  22  3:21  Queen  
  22  3:25  Queen  
  26  3:27  Overlord  
  26  3:33  Overlord  
  26  3:45  Hydralisk x2  
  30  3:52  Hydralisk  
  32  4:00  Drone x2  
  34  4:07  Zerg Missile Weapons Level 1  
  34  4:16  Zerg Ground Armor Level 1  
  34  4:27  Hydralisk  
  36  4:36  Hydralisk  
  38  4:41  Drone  
  38  4:42  Drone x3  
  38  4:43  Drone  
  43  4:56  Hydralisk x2  
  47  5:02  Drone  
  47  5:03  Drone x2  
  47  5:06  Extractor  
  49  5:11  Extractor  
  48  5:27  Hydralisk x2  
  44  5:42  Hydralisk  
  44  5:47  Overlord x5  
  44  5:48  Overlord  
  44  6:08  Zerg Missile Weapons Level 2  
  44  6:13  Infestation Pit  
  44  6:14  Muscular Augments  
  43  6:34  Zerg Ground Armor Level 2  
  43  6:48  Hydralisk x3  
  49  6:54  Drone x3  
  49  6:55  Drone  
  49  6:58  Drone  
  54  7:02  Hydralisk  
  56  7:17  Hydralisk x2  
  60  7:23  Drone  
  60  7:24  Drone x3  
  64  7:42  Hatchery  
  63  8:02  Hydralisk x4  
  63  8:03  Hydralisk  
  63  8:05  Hydralisk  
  75  8:17  Hydralisk x2  
  79  8:30  Hydralisk x2  
  83  8:43  Hydralisk x2  
  61  8:58  Hydralisk x4  
  67  9:08  Hydralisk x2  
  71  9:22  Queen  
  73  9:24  Drone x4  
  73  9:25  Drone  
  78  9:40  Hydralisk x3  
  78  9:41  Hydralisk  
  78  9:43  Extractor  
  85  9:49  Extractor  
  85  9:50  Hydralisk  
  86  10:00  Hydralisk x3  
  86  10:01  Hydralisk  
  94  10:08  Hydralisk x2  
  98  10:21  Overlord x4  
  98  10:32  Overlord x3  
  98  10:45  Hive  
  98  10:47  Hydralisk  
  98  10:48  Hydralisk x2  
  98  10:58  Drone x4  
  98  10:59  Drone  
  101  11:06  Hydralisk x2  
  105  11:19  Drone x4  
  105  11:20  Drone  
  40  11:49  Drone x6  
  40  11:50  Drone x3  
  40  11:51  Hydralisk  
  38  12:22  Hydralisk x5  
  37  12:23  Hydralisk x3  
  37  12:24  Hydralisk  
  37  12:27  Queen  
  55  12:35  Drone  
  55  12:36  Drone x2  
  58  12:48  Hydralisk x2  
  62  13:01  Hydralisk  
  62  13:02  Hydralisk  
  64  13:14  Hydralisk  
  64  13:15  Hydralisk  
  68  13:22  Hydralisk  
  66  13:28  Hydralisk  
  68  13:39  Hydralisk  
  64  14:02  Hydralisk x2  
  42  14:03  Hydralisk  
  40  14:38  Hydralisk x3  
  1  20:06  Viper x3  
Show
View Real Time Build Order
Export as new Build Order

pastdarkk Protoss 

Build Orders:  

Get SALT Encoding   

  12  0:05  Probe (Chrono Boost)  
  13  0:31  Pylon  
  13  0:43  Probe (Chrono Boost)  
  13  0:48  Assimilator  
  14  0:53  Probe (Chrono Boost)  
  16  1:04  Probe (Chrono Boost)  
  16  1:15  Probe (Chrono Boost)  
  16  1:16  Gateway  
  17  1:20  Pylon  
  17  1:25  Probe (Chrono Boost)  
  18  1:29  Gateway  
  18  1:38  Pylon  
  18  1:44  Probe (Chrono Boost)  
  19  1:54  Probe (Chrono Boost)  
  19  1:56  Forge  
  19  2:01  Gateway  
  20  2:15  Assimilator, Probe (Chrono Boost)  
  21  2:19  Zealot  
  23  2:31  Cybernetics Core  
  23  2:32  Probe (Chrono Boost)  
  24  2:42  Probe (Chrono Boost)  
  25  2:45  Zealot  
  27  2:53  Probe (Chrono Boost)  
  27  2:56  Photon Cannon  
  28  3:15  Twilight Council  
  28  3:16  Zealot  
  30  3:27  Photon Cannon  
  30  3:33  Pylon  
  30  3:46  Protoss Ground Weapons Level 1  
  30  3:53  Warp Gate (Chrono Boost)  
  30  3:54  Zealot (Chrono Boost)  
  34  3:59  Zealot (Chrono Boost)  
  36  4:04  Zealot (Chrono Boost)  
  36  4:12  Pylon  
  38  4:25  Zealot (Chrono Boost)  
  38  4:28  Charge  
  38  4:40  Photon Cannon  
  38  4:50  Zealot  
  40  5:05  Zealot x2  
  44  5:17  Zealot  
  46  5:41  Pylon  
  44  5:43  Robotics Facility  
  44  5:46  Robotics Facility  
  42  6:13  Zealot x2  
  42  6:14  Zealot  
  48  6:19  Gateway  
  48  6:21  Photon Cannon  
  48  6:25  Photon Cannon  
  48  7:16  Zealot x2  
  48  7:17  Zealot  
  53  7:30  Nexus  
  53  7:45  Sentry x2  
  53  7:46  Sentry x2  
  61  8:09  Zealot  
  63  8:25  Immortal  
  61  8:29  Immortal  
  63  8:38  Pylon  
  45  9:11  Probe  
  46  9:19  Immortal x2  
  46  9:21  Probe  
  46  9:23  Sentry  
  57  9:32  Probe  
  58  9:42  Probe  
  59  9:52  Assimilator  
  59  9:53  Probe  
  59  9:55  Assimilator  
  59  9:56  Pylon  
  60  10:03  Probe  
  60  10:04  Templar Archives  
  61  10:09  Sentry  
  61  10:10  Sentry  
  65  10:14  Probe  
  65  10:15  Protoss Ground Armor Level 1  
  66  10:24  Probe  
  66  10:27  Forge  
  67  10:35  Probe  
  67  10:38  Observer  
  67  10:40  Immortal  
  67  10:41  High Templar  
  67  10:42  High Templar  
  77  10:45  High Templar  
  57  11:03  High Templar  
  57  11:05  Archon  
  55  11:19  Immortal  
  47  11:42  Archon  
  46  11:47  High Templar x2  
  46  11:49  Zealot x2  
  54  11:58  Immortal  
  58  12:04  Archon  
  58  12:08  Nexus  
  58  12:11  Zealot x2  
  62  12:28  High Templar  
  62  12:29  Zealot  
  66  12:31  Zealot  
  66  12:33  Sentry  
  70  12:51  High Templar  
  72  12:53  Zealot  
  72  12:57  Archon  
  74  13:09  Stalker x2  
  46  13:48  Zealot x3  
  34  13:49  Zealot  
  34  13:54  Cybernetics Core  
  40  14:16  Zealot x2  
  42  14:17  High Templar x2  
  42  14:22  Archon  
  34  14:46  High Templar x2  
  34  14:51  Archon  
  38  15:09  High Templar x2  
  42  15:16  Archon  
  42  15:21  High Templar x2  
  46  15:32  Archon  
  38  15:41  Pylon  
  38  15:46  High Templar x2  
  42  15:59  High Templar  
  42  16:00  High Templar  
  46  16:04  Archon  
  46  16:08  Archon  
  46  16:25  Zealot  
  46  16:29  Zealot  
Show
View Real Time Build Order
Export as new Build Order

SilverFox Protoss 

Build Orders:  

Get SALT Encoding   

  12  0:03  Probe (Chrono Boost)  
  13  0:16  Pylon  
  13  0:19  Probe (Chrono Boost)  
  14  0:30  Probe (Chrono Boost)  
  15  0:40  Gateway  
  15  0:44  Probe (Chrono Boost)  
  16  0:54  Probe (Chrono Boost)  
  16  0:55  Assimilator  
  17  1:00  Assimilator  
  17  1:05  Probe (Chrono Boost)  
  18  1:15  Probe (Chrono Boost)  
  19  1:26  Probe (Chrono Boost)  
  19  1:28  Cybernetics Core  
  20  1:35  Pylon  
  20  1:36  Probe (Chrono Boost)  
  20  1:37  Pylon  
  21  1:47  Probe (Chrono Boost)  
  22  1:57  Probe (Chrono Boost)  
  23  2:08  Probe (Chrono Boost)  
  24  2:10  Stargate  
  24  2:19  Probe (Chrono Boost)  
  24  2:20  Nexus  
  25  2:23  Assimilator  
  25  2:29  Probe (Chrono Boost)  
  26  2:30  Stargate  
  26  2:40  Probe (Chrono Boost)  
  27  2:44  Pylon  
  27  2:51  Protoss Air Weapons Level 1  
  27  2:53  Forge  
  27  3:06  Void Ray  
  31  3:15  Assimilator  
  31  3:29  Pylon  
  31  3:36  Photon Cannon  
  31  3:37  Photon Cannon  
  31  3:38  Photon Cannon  
  31  3:44  Probe (Chrono Boost)  
  32  3:51  Void Ray  
  32  3:55  Probe (Chrono Boost)  
  37  3:59  Void Ray  
  41  4:05  Probe (Chrono Boost)  
  42  4:16  Probe (Chrono Boost)  
  43  4:26  Photon Cannon, Probe (Chrono Boost)  
  43  4:29  Photon Cannon  
  44  4:33  Photon Cannon  
  44  4:36  Pylon  
  44  4:37  Probe (Chrono Boost)  
  45  4:47  Probe (Chrono Boost)  
  46  4:54  Void Ray (Chrono Boost)  
  46  4:58  Probe (Chrono Boost)  
  51  5:05  Probe (Chrono Boost)  
  52  5:08  Probe (Chrono Boost)  
  53  5:15  Probe (Chrono Boost)  
  53  5:18  Probe (Chrono Boost)  
  53  5:21  Void Ray (Chrono Boost)  
  59  5:26  Probe  
  60  5:38  Probe  
  60  5:50  Probe  
  60  5:57  Void Ray (Chrono Boost)  
  65  6:02  Probe  
  62  6:14  Probe  
  51  6:31  Void Ray (Chrono Boost)  
  55  6:37  Stargate  
  55  6:39  Void Ray (Chrono Boost)  
  59  6:41  Pylon  
  59  6:46  Probe  
  41  6:54  Pylon  
  41  6:55  Pylon  
  41  6:57  Probe  
  42  7:07  Probe  
  42  7:18  Probe  
  43  7:28  Probe  
  30  7:39  Probe  
  31  7:48  Void Ray (Chrono Boost)  
  43  7:54  Void Ray (Chrono Boost)  
  43  7:59  Photon Cannon x2  
  39  8:13  Photon Cannon  
  39  8:15  Photon Cannon  
  32  8:47  Void Ray (Chrono Boost)  
  40  8:53  Void Ray (Chrono Boost)  
  40  9:47  Void Ray (Chrono Boost)  
  40  9:50  Void Ray (Chrono Boost)  
  48  9:56  Pylon  
  48  9:59  Pylon  
  48  10:00  Pylon  
  48  10:05  Pylon  
  48  10:28  Void Ray (Chrono Boost)  
  52  10:37  Void Ray (Chrono Boost)  
  40  11:50  Photon Cannon  
  40  11:51  Photon Cannon  
  40  12:01  Fleet Beacon  
  34  13:13  Stargate  
  34  13:15  Stargate  
  34  13:18  Stargate  
  26  13:49  Gateway  
  32  14:14  Carrier (Chrono Boost)  
  44  14:25  Carrier (Chrono Boost)  
  44  14:26  Carrier (Chrono Boost)  
  44  14:51  Pylon  
  44  14:52  Pylon  
  44  14:55  Pylon  
  44  15:09  Pylon x2  
  44  15:12  Pylon  
  44  15:30  Carrier (Chrono Boost)  
  56  15:52  Carrier (Chrono Boost)  
  61  16:18  Carrier (Chrono Boost)  
  61  17:04  Fleet Beacon  
  73  17:22  Carrier (Chrono Boost)  
  45  18:23  Stargate  
  45  18:25  Stargate  
  45  18:38  Graviton Catapult  
  45  18:53  Forge  
  9  19:58  Photon Cannon  
  1  20:35  Pylon  
Show
View Real Time Build Order
Export as new Build Order

Bartoss Zerg - Winner!

Build Orders: Hatch First, Zergling Baneling 

Get SALT Encoding   

  12  0:03  Drone  
  13  0:09  Drone  
  14  0:48  Hatchery  
  13  0:54  Spawning Pool  
  13  0:55  Drone  
  13  0:59  Drone  
  14  1:08  Overlord  
  14  1:16  Overlord  
  14  1:28  Extractor  
  14  1:29  Drone x2  
  15  1:39  Drone  
  16  1:53  Drone  
  17  1:54  Queen  
  19  2:02  Extractor, Drone  
  19  2:12  Drone x2  
  21  2:17  Drone  
  22  2:40  Baneling Nest, Drone x2  
  23  2:45  Lair  
  23  2:49  Drone  
  23  2:50  Drone x2  
  27  2:58  Zergling x4  
  27  3:02  Metabolic Boost  
  27  3:05  Zergling x2  
  29  3:06  Zergling x2  
  29  3:09  Zergling x2  
  32  3:12  Drone  
  32  3:15  Drone  
  33  3:26  Baneling x6  
  33  3:31  Baneling  
  33  3:33  Overlord  
  33  3:34  Overlord  
  33  3:41  Baneling  
  33  3:42  Baneling  
  33  3:45  Drone x3  
  36  3:54  Drone  
  36  3:55  Drone x4  
  41  4:00  Extractor  
  40  4:04  Extractor, Queen  
  40  4:05  Drone  
  42  4:12  Centrifical Hooks  
  42  4:14  Baneling  
  42  4:16  Zergling x2  
  43  4:18  Zergling x2  
  43  4:23  Zergling x4  
  46  4:24  Zergling x2  
  46  4:29  Drone  
  48  4:40  Drone x3  
  51  4:47  Baneling x3  
  51  4:48  Baneling x7  
  51  5:00  Zergling x2  
  51  5:04  Overlord  
  51  5:05  Overlord x3  
  52  5:20  Baneling x2  
  52  5:35  Drone  
  53  5:36  Drone x2  
  55  5:46  Zergling x2  
  55  5:47  Zergling x8  
  55  5:48  Hatchery  
  59  5:59  Burrow  
  59  6:06  Hatchery  
  59  6:11  Hatchery, Baneling x9  
  57  6:12  Baneling  
  46  6:57  Zergling x6  
  49  7:04  Hatchery  
  48  7:08  Drone  
  48  7:09  Drone x2  
  48  7:10  Drone  
  52  7:22  Baneling x6  
  53  7:30  Zergling x16  
  60  7:41  Drone  
  60  7:42  Drone x2  
  63  7:48  Extractor  
  62  7:52  Extractor, Drone x3  
  62  7:56  Baneling  
  62  7:57  Baneling x15  
  64  8:00  Zergling x2  
  64  8:01  Zergling x24  
  77  8:13  Zergling x2  
  77  8:14  Zergling x8  
  82  8:20  Drone x2  
  82  8:26  Baneling x11  
  82  8:27  Baneling x15  
  84  8:30  Zergling x2  
  84  8:31  Zergling x22  
  80  9:13  Baneling  
  80  9:14  Baneling x23  
  80  9:20  Zergling x8  
  80  9:21  Zergling x20  
  94  9:27  Drone x3  
  94  9:30  Drone x7  
  104  9:51  Baneling x2  
  104  9:52  Baneling x22  
  104  9:53  Baneling  
  104  9:54  Baneling  
  104  9:56  Baneling x2  
  104  10:40  Baneling  
  104  10:41  Baneling x8  
  104  10:42  Zergling x2  
  105  10:43  Zergling x6  
  105  10:48  Overlord  
  105  10:49  Overlord x4  
  39  11:58  Zergling x26  
  39  11:59  Zergling x22  
  63  12:11  Drone x3  
  66  12:19  Baneling  
  66  12:20  Baneling x22  
  66  12:21  Baneling x25  
  66  12:25  Zergling x4  
  66  12:26  Zergling x12  
  50  13:36  Baneling  
  50  13:37  Baneling x15  
  50  13:38  Zergling x2  
  50  13:39  Zergling x36  
  66  14:29  Hatchery  
  61  14:46  Baneling  
  61  14:47  Baneling x24  
  61  14:48  Baneling x13  
  61  15:14  Extractor x2  
  40  15:39  Drone  
  40  15:40  Drone x11  
  52  15:45  Drone  
  53  16:11  Drone x2  
  55  16:26  Zergling x18  
  55  16:27  Zergling x22  
  55  16:28  Zergling x2  
  55  16:29  Hatchery  
  55  16:30  Hatchery  
  74  16:49  Baneling  
  74  16:50  Baneling x19  
  74  16:51  Baneling  
  74  16:52  Baneling  
  74  16:54  Baneling x2  
  74  16:56  Baneling  
  74  17:10  Baneling x4  
  74  17:11  Baneling x8  
  74  17:12  Baneling  
  74  17:13  Baneling  
  74  17:14  Baneling  
  74  17:15  Baneling  
  74  17:16  Baneling  
  54  18:04  Zergling x12  
  54  18:05  Zergling x22  
  71  18:06  Zergling x2  
  71  18:09  Zergling x2  
  73  18:26  Extractor  
  72  18:29  Extractor  
  72  18:31  Baneling  
  72  18:32  Baneling x18  
  72  18:33  Baneling  
  71  18:34  Baneling  
  71  18:36  Baneling  
  71  18:37  Baneling  
  71  18:38  Baneling  
  71  18:39  Baneling  
  71  18:42  Drone x2  
  71  18:44  Drone  
  74  18:54  Baneling x4  
  74  18:55  Baneling x8  
  74  18:56  Baneling  
  55  19:50  Drone x3  
  57  20:00  Zergling x22  
  57  20:01  Zergling x2  
  57  20:06  Drone x2  
  57  20:07  Drone  
  72  20:15  Zergling x6  
  72  20:21  Zergling x6  
  76  20:25  Zergling x6  
  81  20:29  Zergling x2  
  81  20:31  Baneling  
  81  20:32  Baneling x21  
  81  20:33  Baneling x2  
  82  20:37  Baneling x6  
  82  20:39  Baneling  
  82  20:41  Baneling  
  82  20:42  Baneling x5  
  82  20:46  Zergling x2  
  82  20:47  Zergling x38  
  82  20:48  Zergling x4  
  82  20:49  Zergling x2  
  105  20:51  Zergling x2  
Show
View Real Time Build Order
Export as new Build Order

Metasapien Zerg - Winner!

Build Orders: Pool First 

Get SALT Encoding   

  12  0:46  Drone x2  
  12  0:47  Spawning Pool  
  12  0:48  Overlord  
  13  0:51  Extractor  
  12  0:57  Drone  
  12  1:02  Hatchery  
  12  1:21  Overlord  
  12  1:22  Drone  
  13  1:30  Drone  
  14  1:34  Queen  
  16  1:41  Drone  
  17  1:52  Drone  
  18  2:03  Drone  
  18  2:06  Metabolic Boost  
  19  2:15  Queen  
  19  2:16  Drone  
  19  2:18  Queen  
  24  2:25  Overlord  
  25  2:30  Zergling x4  
  25  2:36  Spine Crawler  
  25  2:41  Overlord  
  25  2:49  Extractor  
  24  2:55  Drone x3  
  27  3:06  Drone  
  27  3:07  Drone x2  
  27  3:10  Extractor  
  29  3:16  Drone x2  
  31  3:21  Lair  
  31  3:25  Drone  
  31  3:26  Drone x3  
  35  3:31  Drone x2  
  37  3:37  Extractor  
  37  3:38  Zergling x2  
  37  3:39  Zergling x4  
  39  3:54  Evolution Chamber  
  38  3:58  Evolution Chamber  
  37  4:15  Drone x2  
  37  4:16  Drone x2  
  37  4:17  Drone x2  
  43  4:26  Spore Crawler  
  43  4:27  Drone x2  
  44  4:32  Drone  
  44  4:38  Overlord x2  
  46  4:52  Zergling x2  
  46  4:53  Zergling x12  
  46  4:56  Hatchery, Overlord  
  46  4:57  Overlord  
  51  5:15  Hydralisk Den  
  51  5:17  Spire  
  49  5:31  Drone x2  
  43  5:45  Spine Crawler  
  38  5:55  Hydralisk x6  
  41  6:09  Spore Crawler x2  
  39  6:21  Spore Crawler  
  38  6:32  Hydralisk  
  38  6:33  Hydralisk x8  
  38  6:37  Zerg Missile Weapons Level 1  
  56  6:40  Zerg Ground Armor Level 1  
  56  6:46  Drone  
  57  7:03  Hydralisk x3  
  63  7:12  Drone x3  
  64  7:50  Corruptor x3  
  70  7:52  Hydralisk x2  
  40  8:36  Hydralisk, Corruptor x2  
  40  8:37  Hydralisk x5  
  40  8:38  Hydralisk  
  58  9:07  Drone x3  
  58  9:08  Drone x3  
  58  9:09  Drone x2  
  66  9:17  Hydralisk x2  
  66  9:21  Drone x2  
  72  9:29  Overseer  
  72  9:38  Extractor  
  72  9:40  Extractor  
  70  9:50  Drone x3  
  70  9:51  Drone x3  
  76  9:54  Hydralisk x3  
  82  10:14  Spine Crawler  
  82  10:15  Spine Crawler  
  79  10:22  Hydralisk  
  79  10:25  Overlord  
  79  10:26  Overlord x2  
  79  10:28  Zerg Missile Weapons Level 2  
  81  10:38  Muscular Augments  
  81  10:58  Hatchery  
  78  11:04  Corruptor  
  78  11:05  Corruptor  
  72  11:38  Hydralisk  
  72  11:39  Hydralisk x4  
  82  11:43  Overlord x4  
  82  11:51  Zergling x6  
  82  11:52  Zergling x12  
  82  11:53  Zergling x8  
  95  12:25  Queen, Drone x2  
  95  12:28  Hydralisk  
  95  12:29  Hydralisk x3  
  105  12:30  Hydralisk x3  
  113  12:43  Zerg Ground Armor Level 2  
  94  13:08  Hydralisk  
  94  13:09  Overlord  
  94  13:10  Hydralisk x3  
  94  13:11  Hydralisk x5  
  112  13:27  Drone  
  112  13:28  Drone  
  72  14:06  Hydralisk  
  72  14:07  Hydralisk x13  
  100  14:48  Pneumatized Carapace  
  100  14:51  Infestation Pit  
  100  14:52  Drone x2  
  101  14:53  Drone  
  101  14:55  Drone x3  
  101  14:56  Drone x3  
  106  15:09  Extractor  
  106  15:10  Extractor  
  106  15:11  Overseer x2  
  106  15:12  Overseer  
  104  15:28  Hydralisk x8  
  118  15:50  Hive  
  118  16:05  Hatchery  
  115  16:35  Corruptor  
  115  16:36  Corruptor x5  
  71  17:40  Hydralisk x2  
  71  17:41  Hydralisk x12  
  89  17:55  Hydralisk x3  
  89  17:56  Hydralisk  
  95  18:21  Hatchery  
  90  18:32  Hydralisk x5  
  100  18:35  Overlord x3, Hydralisk  
  100  18:36  Overlord x2  
  78  19:51  Hydralisk x6  
  78  19:52  Hydralisk x2  
  94  20:30  Hatchery  
  93  20:45  Hatchery  
  92  21:32  Extractor  
  91  21:36  Extractor  
Show
View Real Time Build Order
Export as new Build Order

Tormenta Protoss - Winner!

Build Orders: Blink Stalkers 

Get SALT Encoding   

  12  0:01  Probe (Chrono Boost)  
  13  0:15  Pylon  
  13  0:24  Assimilator  
  13  0:25  Probe (Chrono Boost)  
  14  0:38  Gateway  
  14  0:42  Probe (Chrono Boost)  
  15  0:52  Probe (Chrono Boost)  
  16  1:02  Gateway  
  16  1:14  Assimilator  
  16  1:20  Gateway  
  16  1:32  Cybernetics Core  
  16  1:37  Probe (Chrono Boost)  
  17  1:52  Pylon  
  17  1:58  Probe (Chrono Boost)  
  19  2:08  Probe (Chrono Boost)  
  19  2:16  Twilight Council  
  19  2:22  Warp Gate (Chrono Boost)  
  19  2:32  Stalker  
  21  2:39  Probe  
  22  2:54  Robotics Facility  
  22  3:09  Blink (Chrono Boost)  
  22  3:19  Probe  
  23  3:23  Pylon  
  23  3:34  Forge  
  23  3:44  Observer (Chrono Boost)  
  24  4:02  Warp Prism (Chrono Boost)  
  26  4:10  Protoss Shields Level 1  
  26  4:29  Probe (Chrono Boost)  
  27  4:41  Stalker  
  27  4:42  Stalker  
  31  4:46  Stalker  
  33  5:10  Stalker  
  33  5:11  Stalker x2  
  39  5:54  Pylon  
  39  5:55  Pylon  
  39  5:56  Pylon  
  39  6:06  Immortal  
  35  6:13  Stalker x2  
  35  6:14  Stalker  
  39  6:37  Stalker  
  39  6:38  Stalker x2  
  45  7:02  Stalker x2  
  45  7:03  Stalker  
  47  7:27  Stalker x3  
  45  7:50  Stalker x2  
  45  7:51  Stalker  
  51  7:55  Protoss Ground Weapons Level 1 (Chrono Boost)  
  49  9:04  Stalker x3  
  49  9:09  Nexus  
  55  9:13  Assimilator  
  55  9:18  Assimilator  
  55  9:21  Pylon  
  55  9:24  Pylon  
  55  9:52  Photon Cannon  
  54  10:10  Stalker x2  
  54  10:11  Stalker  
  60  10:45  Stalker  
  42  11:19  Robotics Bay  
  42  12:01  Nexus  
  42  12:16  Colossus (Chrono Boost)  
  48  12:25  Zealot x2  
  48  12:26  Zealot  
  54  12:40  Photon Cannon  
  54  13:06  Colossus (Chrono Boost)  
  30  16:58  Nexus  
  30  18:14  Probe  
  31  18:25  Probe  
  32  18:35  Probe  
  32  18:41  Adept  
  35  18:44  Sentry  
  35  18:45  Sentry  
  35  18:46  Probe  
  40  19:15  Pylon  
  40  19:19  Zealot x2  
  40  19:21  Zealot  
  46  19:48  Stalker  
  46  19:49  Stalker x2  
  52  20:18  Stalker x3  
  62  20:22  Immortal (Chrono Boost)  
  62  20:56  Stalker  
  62  20:57  Stalker x2  
  66  20:59  Immortal (Chrono Boost)  
  72  21:20  Stalker  
  72  21:21  Stalker x2  
Tags
 
Add a new tag
Caveats
  • Supply blocks, unpowered buildings, or Contaminate may cause inaccurate times.
  • Supply counts are checked every 10 seconds.